 Dungeon Crawl Stone Soup version 0.31-a0-246-g8cbcc1cb85 (webtiles) character file.

Game seed: 15152512464563128663

20 LeprechaunX the Changeling (level 2, -3/19 HPs)
             Began as an Octopode Shapeshifter on July 12, 2023.
             Slain by Terence
             ... wielding a +0 falchion
              (8 damage)
             ... on level 2 of the Dungeon.
             The game lasted 00:00:46 (343 turns).

LeprechaunX the Changeling (Octopode Shapeshifter)   Turns: 343, Time: 00:00:47

Health: -3/19      AC:  1    Str: 14    XL:     2   Next: 79%
Magic:  2/2        EV: 13    Int: 10    God:
Gold:   48         SH:  0    Dex: 12    Spells: 1/1 levels left

rFire   . .          .
                       - Unarmed
rCold   . . .        (no shield)
rNeg    . . .        (helmet currently unavailable)
rPois   .            (no amulet)
rElec   .            (no ring)
rCorr   .            (no ring)
SInv    .            (no ring)
Will    .....        (no ring)
Stlth   ++           (no ring)
HPRegen 0.23/turn    (no ring)
MPRegen 0.08/turn    (no ring)
                     (no ring)

%: no passive effects
@: beast-form
A: beast (slay +2), almost no armour, amphibious, 8 rings, camouflage 1,
gelatinous body 1, (nimble swimmer 1), tentacles
a: no special abilities


You were on level 2 of the Dungeon.
You were a hulking beast.
You visited 1 branch of the dungeon, and saw 2 of its levels.

You collected 48 gold pieces.

Inventory:

Talismans
 b - a beast talisman
Scrolls
 c - 3 scrolls of fog {unknown}
Potions
 a - a potion of lignification
 d - 2 potions of enlightenment {unknown}


   Skills:
 + Level 2.2 Fighting
 + Level 2.2 Dodging
 * Level 2.3 Unarmed Combat
 + Level 0.5 Evocations
 * Level 3.1 Shapeshifting


You had one spell level left.
You didn't know any spells.
Your spell library contained the following spells:

 Spells                   Type           Power      Damage    Failure   Level
 Portal Projectile        Hex/Tloc       0%         N/A       75%         3
 Tukima's Dance           Hex            0%         N/A       75%         3
 Iskenderun's Mystic Bla  Conj/Tloc      0%         2d3       98%         4


Dungeon Overview and Level Annotations

Branches:
Dungeon (2/15)

Altars:

Annotations:
D:2 Terence


Innate Abilities, Weirdness & Mutations

You are a hulking beast.
Your limbs bulge with bestial killing power. (Slay +2)
You cannot wear most types of armour.
You are amphibious.
You can wear up to eight rings at the same time.
Your skin changes colour to match your surroundings (Stealth+).
Your rubbery body absorbs attacks. (AC +1, EV +1)
((You are camouflaged when in or above water. (Stealth+)))
You have tentacles for arms and can constrict up to eight enemies at once.


Message History

a +0 club; a goblin corpse You see here a +0 dagger.
Terence the Incautious comes into view.
He is wielding a +0 falchion.
There is a stone staircase leading up here.
Terence is nearby!
You tentacle-slap Terence. Your grab misses Terence.
Terence is lightly wounded.
Terence closely misses you.
You tentacle-slap Terence but do no damage.
You grab Terence.
Terence is lightly wounded.
You constrict Terence. Terence hits you with a +0 falchion.
You tentacle-slap Terence but do no damage.
Terence is moderately wounded.
You constrict Terence. Terence hits you with a +0 falchion!
Ouch! That really hurt!
* * * LOW HITPOINT WARNING * * *
You are too injured to fight recklessly!
You are too injured to fight recklessly!
You are too injured to fight recklessly!
You are too injured to fight recklessly!
You are too injured to fight recklessly!
You are too injured to fight recklessly!
You are too injured to fight recklessly!
You are too injured to fight recklessly!
You are too injured to fight recklessly!
You are too injured to fight recklessly!
You are too injured to fight recklessly!
You are too injured to fight recklessly!
You are too injured to fight recklessly!
You are too injured to fight recklessly!
You are too injured to fight recklessly!
You are too injured to fight recklessly!
You are too injured to fight recklessly!
You are too injured to fight recklessly!
You are too injured to fight recklessly!
You tentacle-slap Terence.
Terence is heavily wounded.
You constrict Terence. Terence hits you with a +0 falchion!
You die...

#.# # #.# #. #.# #.#
#.# #.# #.#######
#.###.<.....#
#......###.# ##..##.#
#.# #h#.##.###.#
#@##........# #.#
#.##.....# #.#
#.######.# #######.#
##.##
........#####...######
......................
#######.#####...######
#.# ##.## #


You could see Terence.

Vanquished Creatures
  An adder (D:2)
  A dart slug (D:1)
  An endoplasm (D:2)
  2 goblins (D:2)
  A quokka (D:2)
  A ball python (D:1)
  2 bats (D:1)
9 creatures vanquished.

Notes
Turn   | Place    | Note
-------+----------+-------------------------------------------
     0 | D:1      | LeprechaunX the Octopode Shapeshifter began the quest for
                  | the Orb.
     0 | D:1      | Reached XP level 1. HP: 14/14 MP: 1/1
   173 | D:1      | You fall into a shaft and drop 1 floor!
   199 | D:2      | Reached XP level 2. HP: 19/19 MP: 2/2
   335 | D:2      | Noticed Terence
   343 | D:2      | Slain by Terence

Illustrated notes

Levels and vault maps discovered:
D:1:      amcnicky_arrival_underground_garden, layout_loops_corners,
          serial_shops, nicolae_shop_tiny_waterfront,
          hellmonk_ecumenical_altar_pennies_from_heaven, hex_medium,
          nicolae_the_louvre
D:2:      layout_loops_ring, minmay_tripent, uniq_terence

Action                     || total
---------------------------++-------
  Melee: Unarmed           ||    19
         Constrict         ||     6
         Tentacles         ||     5
         Punch             ||     1
   Stab: Sleeping          ||     2
 Armour: Skin              ||     2
  Dodge: Dodged            ||     6

Table legend: (Time is in decaauts)
 A = Elapsed time spent in this place.
 B = Non-inter-level travel time spent in this place.
 C = Inter-level travel time spent in this place.
 D = Time resting spent in this place.
 E = Time spent auto-exploring this place.
 F = Levels seen in this place.
 G = Mean time per level.
                   A        B        C        D        E       F      G
               +--------+--------+--------+--------+--------+-----+--------+
         Total |    342 |    305 |     37 |      0 |    240 |   2 |  171.0 |
       Dungeon |    342 |    305 |     37 |      0 |    240 |   2 |  171.0 |
               +--------+--------+--------+--------+--------+-----+--------+

Top non-repeatable levels by time:
     D:1: 172 daAuts
     D:2: 169 daAuts
